 Dungeon Crawl Stone Soup version 0.30-a0-870-gc5d4c5acee (webtiles) character file.

Game seed: 2522939699472699896

53 Monkooky the Vexing (level 3, -1/19 HPs)
             Began as a Deep Elf Enchanter on Mar 11, 2023.
             Slain by Terence
             ... wielding a +0 trident
              (9 damage)
             ... on level 3 of the Dungeon.
             The game lasted 00:04:37 (1575 turns).

Monkooky the Vexing (Deep Elf Enchanter)            Turns: 1575, Time: 00:04:38

Health: -1/19      AC:  2    Str:  5    XL:     3   Next: 62%
Magic:  4/9        EV: 13    Int: 21    God:
Gold:   69         SH:  0    Dex: 15    Spells: 0/8 levels left

rFire   . . .      SeeInvis .    a - +1 dagger
rCold   . . .      Faith    .    (no shield)
rNeg    . . .      Spirit   .    b - +0 robe
rPois   .          Reflect  .    (no helmet)
rElec   .          Rampage  .    (no cloak)
rCorr   .                        (no gloves)
Will    .....                    (no boots)
Stlth   ++                       (no amulet)
HPRegen 0.23/turn                (no ring)
MPRegen 0.11/turn                (no ring)

@: no status effects
A: no striking features
a: no special abilities


You were on level 3 of the Dungeon.
You visited 1 branch of the dungeon, and saw 3 of its levels.

You collected 69 gold pieces.

Inventory:

Hand Weapons
 a - a +1 dagger (weapon)
Armour
 b - a +0 robe (worn)
Scrolls
 e - a scroll of fear
 h - a scroll of poison {unknown}
 i - a scroll of amnesia
Potions
 c - 2 potions of invisibility
 d - a potion of ambrosia {unknown}
 f - a potion of flight {unknown}


   Skills:
 - Level 1.1 Short Blades
 - Level 3.1 Dodging
 - Level 3.7 Stealth
 + Level 3.4 Spellcasting
 * Level 4.4 Hexes
 + Level 2.2 Ice Magic


You couldn't memorise any spells.
You knew the following spells:

 Your Spells              Type           Power      Damage    Failure   Level
a - Ensorcelled Hibernat  Hex/Ice        34%        N/A       4%          2
b - Confusing Touch       Hex            22%        N/A       6%          3
c - Tukima's Dance        Hex            22%        N/A       6%          3

Your spell library contained the following spells:

 Spells                   Type           Power      Damage    Failure   Level
 Dazzling Flash           Conj/Hex       24%        N/A       16%         3


Dungeon Overview and Level Annotations

Branches:
Dungeon (3/15)

Altars:

Annotations:
D:3 Terence


Message History

You miss the frilled lizard. The frilled lizard barely misses you.
The frilled lizard struggles to resist.
The frilled lizard closely misses you.
You barely miss the frilled lizard. The frilled lizard closely misses you.
The frilled lizard struggles to resist.
The frilled lizard barely misses you.
You hit the frilled lizard but do no damage.
The frilled lizard barely misses you.
The frilled lizard looks drowsy...
The helpless frilled lizard fails to defend itself.
You puncture the frilled lizard!
You kill the frilled lizard!
You see here a frilled lizard corpse.
Done exploring.
Done exploring.
(D) Dungeon
Where to? (Enter - D:2, ? - help)
You see here a frilled lizard corpse.
There is a stone staircase leading down here.
You climb downwards.
There is a stone staircase leading up here.
Terence and an endoplasm come into view.
Aiming: Ensorcelled Hibernation (safe; 4% risk of failure)
Press: ? - help, Q - select action Shift-Dir - straight line, f - endoplasm
Aim: an endoplasm (chance to affect: 67%)
The endoplasm looks drowsy...
The helpless endoplasm fails to defend itself.
You puncture the endoplasm!
You kill the endoplasm!
Aiming: Ensorcelled Hibernation (safe; 4% risk of failure)
Press: ? - help, Q - select action Shift-Dir - straight line, f - Terence
Aim: Terence, wielding a +0 trident and wearing a +0 chain mail (chance to affect: 59%) Terence resists with significant effort.
Terence hits you from afar with a +0 trident!
Aiming: Ensorcelled Hibernation (safe; 4% risk of failure)
Press: ? - help, Q - select action Shift-Dir - straight line, f/p - Terence
Aim: Terence, wielding a +0 trident and wearing a +0 chain mail (chance to affect: 59%) Terence resists with significant effort.
Terence hits you from afar with a +0 trident.
There is a stone staircase leading up here.
Terence hits you from afar with a +0 trident!
You die...

#.##.# #.....
#....### #
#.##.#...#.#
#..........###.
###..........
#...@########
#.##.# # #@.#
####


You could see Terence.

Vanquished Creatures
  An adder (D:1)
  A worm (D:1)
  3 bats (D:1)
  3 endoplasms
  2 giant cockroaches (D:1)
  4 hobgoblins
  6 jackals (D:1)
  7 kobolds
  A quokka (D:1)
  5 ball pythons (D:1)
  2 frilled lizards
  2 rats
37 creatures vanquished.

Notes
Turn   | Place    | Note
-------+----------+-------------------------------------------
     0 | D:1      | Monkooky the Deep Elf Enchanter began the quest for the
                  | Orb.
     0 | D:1      | Reached XP level 1. HP: 10/10 MP: 6/6
   170 | D:1      | Reached XP level 2. HP: 15/15 MP: 8/8
   173 | D:1      | Learned a level 2 spell: Ensorcelled Hibernation
   286 | D:1      | Reached skill level 1 in Ice Magic
   928 | D:1      | Reached XP level 3. HP: 19/19 MP: 9/9
  1206 | D:1      | Learned a level 3 spell: Confusing Touch
  1210 | D:1      | Learned a level 3 spell: Tukima's Dance
  1564 | D:3      | Noticed Terence
  1575 | D:3      | Slain by Terence

Illustrated notes

Levels and vault maps discovered:
D:1:      minmay_arrival_wavy_path, layout_loops_ring
D:2:      layout_basic
D:3:      layout_basic, nicolae_vehumet_altar_sigil,
          gammafunk_temple_overflow_statue, uniq_terence, uniq_sigmund

Skill      XL: |  1  2  3 |
---------------+----------+-----
Dodging        | 3 |  3.1
Ice Magic      | 1 2 |  2.2
Short Blades   | |  1.1
Stealth        | |  3.7
Spellcasting   | |  3.4
Hexes          | |  4.4

Action                     || total
---------------------------++-------
  Melee: Dagger            ||    83
         Punch             ||     2
   Cast: Ensorcelled Hiber ||    34
    Use: Scroll            ||     2
   Stab: Sleeping          ||    26
 Armour: Robe              ||    18
  Dodge: Dodged            ||    54

Table legend: (Time is in decaauts)
 A = Elapsed time spent in this place.
 B = Non-inter-level travel time spent in this place.
 C = Inter-level travel time spent in this place.
 D = Time resting spent in this place.
 E = Time spent auto-exploring this place.
 F = Levels seen in this place.
 G = Mean time per level.
                   A        B        C        D        E       F      G
               +--------+--------+--------+--------+--------+-----+--------+
         Total |   1571 |   1507 |     64 |     14 |   1178 |   3 |  523.7 |
       Dungeon |   1571 |   1507 |     64 |     14 |   1178 |   3 |  523.7 |
               +--------+--------+--------+--------+--------+-----+--------+

Top non-repeatable levels by time:
     D:1: 1239 daAuts
     D:2: 319 daAuts
     D:3: 13 daAuts
